 Dungeon Crawl Stone Soup version 0.17.1-2-g5865329 (webtiles) character file.

336 JustSomeDude the Insei (level 6, -5/48 HPs)
             Began as a Demonspawn Monk on Jan 12, 2016.
             Was a Believer of Dithmenos.
             Slain by a gnoll
             ... wielding a +0 flail
              (7 damage)
             ... on level 4 of the Dungeon on Jan 14, 2016.
             The game lasted 00:10:24 (3809 turns).

JustSomeDude the Insei (Demonspawn Monk)            Turns: 3809, Time: 00:10:25

Health: -5/48      AC:  9    Str: 11    XL:     6   Next: 28%
Magic:  6/6        EV:  6    Int: 17    God:    Dithmenos [**....]
Gold:   137        SH:  0    Dex: 18    Spells: 0 memorised, 5 levels left

rFire  . . .     SeeInvis .     j - +0 short sword
rCold  . . .     Clarity  .     e - +0 chain mail
rNeg   . . .     SustAt   .     (no shield)
rPois  .         Gourm    .     (helmet restricted)
rElec  .         Spirit   .     (no cloak)
rCorr  .         Warding  .     p - +0 pair of gloves
rMut   .         Stasis   .     (no boots)
MR     .....                    (no amulet)
Stlth  +++.......               q - ring of stealth
                                m - +6 ring of intelligence

@: wreathed by umbra, not resistant to hostile enchantments, fairly stealthy
A: antennae 1, talons 1, demonic guardian 1, nightstalker 2
a: Shadow Step, Renounce Religion


You were on level 4 of the Dungeon.
You worshipped Dithmenos.
Dithmenos was pleased with you.
You were not hungry.

You visited 1 branch of the dungeon, and saw 4 of its levels.

You collected 137 gold pieces.

Inventory:

Hand Weapons
 j - a +0 short sword (weapon)
Missiles
 o - 5 javelins (quivered)
Armour
 e - a +0 chain mail (worn)
 p - a +0 pair of gloves (worn)
Jewellery
 m - a +6 ring of intelligence (left hand)
 q - a ring of stealth (right hand)
Scrolls
 a - a scroll of immolation {unknown}
 c - 4 scrolls of remove curse {unknown}
 f - a scroll of magic mapping {unknown}
 h - 3 scrolls of identify {unknown}
 i - 2 scrolls of amnesia {unknown}
 l - 2 scrolls of fear {unknown}
 n - a scroll of noise {unknown}
Comestibles
 b - 5 bread rations
 k - 3 fruits


   Skills:
 + Level 4.1 Fighting
 + Level 1.1 Short Blades
 + Level 1.9 Armour
 + Level 3.8 Dodging
 * Level 3.0 Stealth
 + Level 4.4 Unarmed Combat


You had 5 spell levels left.
You didn't know any spells.

Dungeon Overview and Level Annotations

Branches:
Dungeon (4/15)
 Temple: D:4-7

Altars:
Dithmenos
Fedhas
Makhleb
Nemelex Xobeh
Ru
Xom
Yredelemnul
Zin

Annotations:
D:4 Bubs's ghost, amateur GrBe


Innate Abilities, Weirdness & Mutations

You have a pair of small antennae on your head.
You have sharp toenails.
A weak demonic guardian rushes to your aid.
You are significantly more attuned to the shadows.


Message History

You hit the gnoll.
The gnoll is moderately wounded.
The gnoll hits you with a spear.
* * * LOW HITPOINT WARNING * * *
The gnoll hits you but does no damage.
Your chain mail prevents you from hitting the gnoll.
You claw the gnoll, but do no damage.
The gnoll is moderately wounded.
The gnoll hits you but does no damage. The gnoll barely misses you.
You barely miss the gnoll.
The gnoll is moderately wounded.
The gnoll hits you but does no damage. x2
You hit the gnoll. You claw the gnoll, but do no damage.
Your punch misses the gnoll.
The gnoll is moderately wounded.
The gnoll hits you with a spear!
* * * LOW HITPOINT WARNING * * *
The gnoll hits you but does no damage. The gnoll hits you with a flail!
You die...

#......#...#....#...
#>.....#...'....'...
#......#...#....#...
#......#...#....#...
######......##########...
#............<...........
#......g.................
#....).g.................
#....)).@................
#........................
#...)............## #####
############..... ..g..
..... ...<. ##...


You could see 2 gnolls.

Vanquished Creatures
  2 centaur skeletons (D:4)
  An orc priest (D:4)
  An orc wizard (D:4)
  A worker ant (D:4)
  Robin (D:3)
  A gnoll (D:4)
  6 adders
  An ooze (D:1)
  An adder skeleton (D:4)
  A worm (D:2)
  2 giant geckos
  6 orcs
  3 ball pythons
  12 bats
  8 giant cockroaches
  9 hobgoblins
  4 jackals (D:3)
  4 giant newts
  13 goblins
  7 kobolds
  8 rats
92 creatures vanquished.

Vanquished Creatures (collateral kills)
  An iguana (D:4)
  Terence (D:3)
  An orc wizard (D:4)
  An orc (D:4)
4 creatures vanquished.

Grand Total: 96 creatures vanquished

Notes
Turn   | Place    | Note
--------------------------------------------------------------
     0 | D:1      | JustSomeDude the Demonspawn Monk began the quest for the Orb.
     0 | D:1      | Reached XP level 1. HP: 18/18 MP: 1/1
   170 | D:1      | Gained mutation: A weak demonic guardian rushes to your aid. [demonic ancestry]
   170 | D:1      | Reached XP level 2. HP: 21/24 MP: 2/2
   397 | D:1      | Reached skill level 4 in Unarmed Combat
   640 | D:1      | Gained mutation: You are slightly more attuned to the shadows. [demonic ancestry]
   640 | D:1      | Reached XP level 3. HP: 20/29 MP: 3/3
   659 | D:1      | You fall through a shaft!
  1289 | D:2      | Gained mutation: You have a pair of small antennae on your head. [demonic ancestry]
  1289 | D:2      | Reached XP level 4. HP: 8/35 MP: 4/4
  1396 | D:2      | Found a shadowy altar of Dithmenos.
  1433 | D:2      | Became a worshipper of Dithmenos the Shadowed
  1433 | D:2      | Reached * piety under Dithmenos
  1433 | D:2      | Reached ** piety under Dithmenos
  1682 | D:3      | Found a blossoming altar of Fedhas.
  1778 | D:3      | Found a glowing silver altar of Zin.
  1846 | D:3      | Found a faded altar to an unknown god.
  1931 | D:3      | Noticed Robin
  1946 | D:3      | Killed Robin
  1946 | D:3      | Reached skill level 1 in Armour
  2000 | D:3      | Found a shimmering altar of Xom.
  2036 | D:3      | Noticed Terence
  2049 | D:3      | Killed Terence
  2049 | D:3      | Gained mutation: You have sharp toenails. [demonic ancestry]
  2049 | D:3      | Reached XP level 5. HP: 29/42 MP: 5/5
  2247 | D:3      | Found a basalt altar of Yredelemnul.
  2281 | D:3      | Found a sparkling altar of Nemelex Xobeh.
  2507 | D:4      | Reached skill level 1 in Short Blades
  2827 | D:4      | Found a sacrificial altar of Ru.
  3110 | D:4      | Gained mutation: You are significantly more attuned to the shadows. [demonic ancestry]
  3110 | D:4      | Reached XP level 6. HP: 48/48 MP: 6/6
  3182 | D:4      | Found a burning altar of Makhleb.
  3209 | D:4      | Noticed Bubs's ghost (amateur GrBe)
  3807 | D:4      | HP: 2/48 [gnoll/spear (8)]
  3809 | D:4      | Slain by a gnoll

Action                   |  1- 3 |  4- 6 || total
-------------------------+-------+-------++-------
Melee: Unarmed           |   132 |       ||   132
       Short sword       |   102 |   262 ||   364
  Use: Potion            |       |     9 ||     9
 Stab: Sleeping          |     2 |       ||     2
       Distracted        |       |     1 ||     1
  Eat: Chunk             |     1 |     2 ||     3
       Bread ration      |       |     1 ||     1
       Fruit             |       |     7 ||     7
